[Event "Early-Titled-Tuesday-Blitz-February-20-2024"]
[Site "Chess.com"]
[Date "2024.02.20"]
[Round "11"]
[White "Rosh1610"]
[Black "Casablanca"]
[Result "0-1"]
[WhiteElo "2418"]
[BlackElo "2630"]
[TimeControl "180+1"]
[EndTime "10:08:47 PST"]
[Termination "Casablanca won on time"]

1. e4 c5 2. Nf3 d6 3. g3 Nf6 4. Bg2 Nc6 5. d3 g6 6. O-O Bg7 7. c3 O-O 8. Re1 e5 9. Nbd2 Re8 10. Nf1 b5 11. Ne3 Rb8 12. a4 a6 13. h3 h6 14. Nh2 Be6 15. f4 exf4 16. gxf4 Nh5 17. f5 Bd7 18. Neg4 Ne5 19. Nxh6+ Kh7 20. N6g4 b4 21.
Nxe5 Bxe5 22. Ng4 Bg7 23. fxg6+ fxg6 24. Bd2 Qh4 25. Rf1 Rf8 26. Be1 Rxf1+ 27. Bxf1 Qg5 28. Qd2 Nf4 29. Qh2 bxc3 30. bxc3 Bxg4 31. hxg4+ Kg8 32. Qg3 Rb2 33. Rd1 Be5 34. Bd2 Rxd2 35. Rxd2 Ne2+ 36. Rxe2 Bxg3 0-1

[Event "Early-Titled-Tuesday-Blitz-February-20-2024"]
[Site "Chess.com"]
[Date "2024.02.20"]
[Round "11"]
[White "lluiss"]
[Black "maurovargas01"]
[Result "1-0"]
[WhiteElo "2164"]
[BlackElo "1871"]
[TimeControl "180+1"]
[EndTime "10:08:48 PST"]
[Termination "lluiss won on time"]

1. Nf3 Nc6 2. d4 d5 3. c4 e6 4. g3 dxc4 5. Qa4 Bd7 6. Qxc4 Bb4+ 7. Nbd2 Nf6 8. Bg2 Ne4 9. O-O Nd6 10. Qc2 O-O 11.
a3 Ba5 12. b4 Bb6 13. Bb2 Nf5 14. Nb3 h6 15. e4 Nfe7 16. Nc5 Kh8 17. Nxb7 Qc8 18.
Nc5 Ng8 19. d5 exd5 20. exd5 Nce7 21. Ne5 Bf5 22. Qd2 Qd8 23. Rad1 Qd6 24. Rfe1 Bxc5 25.
bxc5 Qxc5 26. d6 cxd6 27. Bxa8 dxe5 28. Bg2 Nf6 29. Rxe5 Qc7 30. Rde1 Ng6 31. Rxf5 Qb6 32. Bd4 Rd8 33. Bxb6 Rxd2 34. Bxa7 1-0

[Event "Early-Titled-Tuesday-Blitz-February-20-2024"]
[Site "Chess.com"]
[Date "2024.02.20"]
[Round "11"]
[White "Saxar85"]
[Black "MatthewG-p4p"]
[Result "0-1"]
[WhiteElo "2732"]
[BlackElo "2889"]
[TimeControl "180+1"]
[EndTime "10:08:49 PST"]
[Termination "MatthewG-p4p won on time"]

1. e4 e6 2. d4 d5 3. e5 c5 4. c3 Qb6 5. Nf3 Nc6 6. Na3 cxd4 7. cxd4 Bb4+ 8. Bd2 Nge7 9. Nc2 Bxd2+ 10. Qxd2 Qxb2 11. Bd3 Qb6 12. O-O h6 13. h4 Bd7 14. Rab1 Qc7 15. Rfc1 Na5 16. Ne3 Bc6 17. h5 Nc4 18. Bxc4 dxc4 19.
Nxc4 O-O 20. Nd6 Qd7 21. Qf4 Rad8 22. Nd2 f6 23. Qg4 Nd5 24. g3 fxe5 25. dxe5 Qe7 26.
N2e4 Rf5 27. Nxf5 exf5 28. Qxf5 Rf8 29. Qg4 Qxe5 30. Re1 Kh8 31. Rbd1 Qb2 32. Rd2 Qb4 33. Ree2 Nf6 34. Nxf6 Qb1+ 0-1

[Event "Early-Titled-Tuesday-Blitz-February-20-2024"]
[Site "Chess.com"]
[Date "2024.02.20"]
[Round "11"]
[White "wanyaland"]
[Black "Boundless_Strike"]
[Result "0-1"]
[WhiteElo "2498"]
[BlackElo "2626"]
[TimeControl "180+1"]
[EndTime "10:08:49 PST"]
[Termination "Boundless_Strike won by resignation"]

1. d4 e5 2. dxe5 d6 3. exd6 Bxd6 4. c3 Nc6 5. g3 Qe7 6. Bg2 Nf6 7. Nf3 Bg4 8. Qa4 O-O-O 9. Nbd2 h5 10. e3 h4 11.
Nxh4 Ne5 12. O-O Rxh4 13. gxh4 Rh8 14. Qxa7 c6 15. h3 Rxh4 16. hxg4 Nfxg4 17. Ne4 f5 18. Nxd6+ Qxd6 19. f4 Qh6 20. Qa8+ Kc7 21. Qa5+ Kc8 22.
Qa8+ Kc7 23. Qa5+ Kd7 24. Rd1+ Ke7 25. Qb4+ Kf7 26. Qb3+ Kf8 27. Kf1 Rh1+ 28. Bxh1 Qxh1+ 29. Ke2 Qg2+ 0-1

[Event "Early-Titled-Tuesday-Blitz-February-20-2024"]
[Site "Chess.com"]
[Date "2024.02.20"]
[Round "11"]
[White "Nikolakis2014"]
[Black "dmosesov"]
[Result "1-0"]
[WhiteElo "2750"]
[BlackElo "2605"]
[TimeControl "180+1"]
[EndTime "10:08:50 PST"]
[Termination "Nikolakis2014 won on time"]

1. d4 Nf6 2. c4 e6 3. Nc3 Bb4 4. e3 O-O 5. a3 Bxc3+ 6. bxc3 c5 7. Bd3 Nc6 8. Ne2 b6 9. e4 d6 10. Bg5 h6 11. Bh4 g5 12. Bg3 e5 13. O-O Kg7 14. f3 Qe7 15. Bf2 Nh5 16. Kh1 Na5 17. Be3 Be6 18. d5 Bc8 19. g4 Nf4 20. Ng3 Kh7 21.
Ra2 Rg8 22. h4 gxh4 23. Bxf4 hxg3 24. Bxg3 Ba6 25. Rh2 Bxc4 26. Rg1 Bxd3 27. Qxd3 Rg6 28. Be1 Rag8 29. Bd2 Kg7 30. Rg3 Rh8 31. Rgh3 Qf6 32. Rh5 Qe7 33. Be3 c4 34. Qd2 Nb3 35. Qg2 Kg8 36. Qh3 b5 37. g5 Qc7 38. Qf5 a6 39.
Rxh6 Rhxh6 40. Rxh6 Rxh6+ 41. gxh6 1-0

[Event "Early-Titled-Tuesday-Blitz-February-20-2024"]
[Site "Chess.com"]
[Date "2024.02.20"]
[Round "11"]
[White "FREDERICKtheMATE"]
[Black "Zq1"]
[Result "1-0"]
[WhiteElo "2676"]
[BlackElo "2512"]
[TimeControl "180+1"]
[EndTime "10:08:51 PST"]
[Termination "FREDERICKtheMATE won on time"]

1. d4 Nf6 2. c4 a6 3. Nc3 c5 4.
dxc5 e6 5. e4 Qc7 6. b4 d6 7.
Bf4 e5 8. Bg5 dxc5 9. Bxf6 gxf6 10. Nd5 Qd8 11. b5 Be6 12. Nf3 axb5 13. cxb5 Qa5+ 14. Qd2 Qxd2+ 15. Nxd2 Bxd5 16. exd5 f5 17. Nc4 Nd7 18. a4 b6 19. d6 Bg7 20. Be2 O-O 21.
O-O Ra7 22. Ne3 e4 23. Ra2 Rfa8 24. Bd1 f4 25. Nc4 Bd4 26. Bb3 Kg7 27. Re1 f5 28.
g4 Kf6 29. gxf5 Kxf5 30. Bc2 Re8 31. Ra3 Nf6 32. Kf1 Ng4 33. f3 Nxh2+ 34. Kg2 Nxf3 35. Rxf3 Rg7+ 36. Kh2 Rg6 37. d7 Rh6+ 38. Rh3 Rxh3+ 39.
Kxh3 1-0

[Event "Early-Titled-Tuesday-Blitz-February-20-2024"]
[Site "Chess.com"]
[Date "2024.02.20"]
[Round "11"]
[White "Manukyan_Artak"]
[Black "KorolDimitriy75"]
[Result "1-0"]
[WhiteElo "2549"]
[BlackElo "2430"]
[TimeControl "180+1"]
[EndTime "10:08:51 PST"]
[Termination "Manukyan_Artak won on time"]

1. e4 c5 2. Nf3 d6 3. Bb5+ Nd7 4.
O-O Nf6 5. Re1 a6 6. Bd3 g6 7. c3 Bg7 8. Bc2 O-O 9. d4 cxd4 10. cxd4 b5 11. e5 Nd5 12. e6 fxe6 13. Ng5 N7b6 14.
Nxh7 Rf5 15. Bxf5 exf5 16. Ng5 Bf6 17. Nc3 Bd7 18. Qb3 Bc6 19. Ne6 Qd7 20. Nf4 Qb7 21. Nxg6 Kf7 22. Nf4 Rg8 23. g3 Bxd4 24. Be3 Bxe3 25.
Rxe3 Nc4 26. Ncxd5 Bxd5 27. Nxd5 Qxd5 28. Rd1 Qc6 29. Re2 Kf6 30. Rde1 e5 31. f4 e4 32.
Qc3+ Ke6 33. Qd4 Qc5 34. Qxc5 dxc5 35. Rd1 Rc8 36. h4 Rc7 37. Kh2 1-0

[Event "Early-Titled-Tuesday-Blitz-February-20-2024"]
[Site "Chess.com"]
[Date "2024.02.20"]
[Round "11"]
[White "Viacheslav92"]
[Black "CaspiIsrael"]
[Result "0-1"]
[WhiteElo "2552"]
[BlackElo "2725"]
[TimeControl "180+1"]
[EndTime "10:08:52 PST"]
[Termination "CaspiIsrael won by resignation"]

1. e4 d5 2. exd5 Qxd5 3. Nc3 Qd6 4. d4 Nf6 5. Nf3 g6 6. Bc4 Bg7 7. Ne5 O-O 8. Bf4 Qd8 9. Qe2 Qxd4 10. Bg3 Nbd7 11. O-O Nxe5 12. Bxe5 Qb6 13. Rad1 Be6 14. Bd4 Bxc4 15. Qxc4 Qc6 16. Qxc6 bxc6 17. b3 Rfd8 18. Bxf6 Bxf6 19. Ne4 Rd5 20. c4 Ra5 21. Rd2 Kg7 22. Rfd1 Be5 23. f3 f5 24. Nf2 Bd6 25. Nd3 c5 26. f4 Kf6 27. Re2 Rb8 28. Kf2 Rb6 29.
Kf3 Rba6 30. Rdd2 h6 31. g3 g5 32. Rc2 g4+ 33. Ke3 h5 34. Kd2 Rxa2 35. Kc3 Ra1 36. Ne5 Rh1 37. Nd7+ Kf7 38. Rcd2 Raa1 39. Rd5 e6 40. Ne5+ Kf6 41. Rdd2 a5 42. Nd7+ Ke7 43.
Ne5 a4 44. Ng6+ Kf6 45. Ne5 Ra3 46. Rb2 Rxb3+ 47. Rxb3 axb3 48. Kxb3 Bxe5 49. fxe5+ Kg5 50. Ka4 Rb1 51. Ka5 Rb4 52. Rc2 h4 53. Rd2 hxg3 54. hxg3 f4 55. gxf4+ Kxf4 56. Rd7 g3 57. Rxc7 Rxc4 58.
Rf7+ Kxe5 0-1

[Event "Early-Titled-Tuesday-Blitz-February-20-2024"]
[Site "Chess.com"]
[Date "2024.02.20"]
[Round "11"]
[White "TemploVillamarin"]
[Black "Felix-Rose"]
[Result "0-1"]
[WhiteElo "2131"]
[BlackElo "2274"]
[TimeControl "180+1"]
[EndTime "10:08:53 PST"]
[Termination "Felix-Rose won by checkmate"]

1. d4 Nf6 2. Nc3 d5 3. e4 Nxe4 4. Nxe4 dxe4 5. f3 Bf5 6. Bc4 e6 7. c3 Bd6 8. Qe2 Qh4+ 9. Kf1 O-O 10. g4 exf3 11. Nxf3 Qh3+ 12. Qg2 Bxg4 13. Qxh3 Bxh3+ 14. Kf2 Nd7 15. Rg1 Bf5 16. Bg5 e5 17. Rad1 e4 18.
Nh4 Be6 19. Bxe6 fxe6+ 20. Ke3 Bxh2 21. Rg2 Bd6 22. Rdg1 Kh8 23. Rh1 Kg8 24. Rhg1 Rf7 25. Kxe4 e5 26. Nf5 Kh8 27. Nxd6 cxd6 28. Rh1 exd4 29.
Kxd4 Raf8 30. Rgh2 g6 31. Kd5 Rf5+ 32. Kxd6 R8f7 33.
Be3 Nf8 34. Bd4+ Kg8 35. c4 Rd7# 0-1

[Event "Early-Titled-Tuesday-Blitz-February-20-2024"]
[Site "Chess.com"]
[Date "2024.02.20"]
[Round "11"]
[White "Natalya_Buksa"]
[Black "SirGerhard"]
[Result "0-1"]
[WhiteElo "2596"]
[BlackElo "2742"]
[TimeControl "180+1"]
[EndTime "10:08:54 PST"]
[Termination "SirGerhard won by resignation"]

1. d4 Nf6 2. Nc3 d5 3. Bf4 a6 4. e3 e6 5. a3 c5 6. Nf3 Nc6 7. Be2 Be7 8. O-O O-O 9. Ne5 cxd4 10. exd4 Qb6 11. Nxc6 Qxc6 12. Be3 b6 13. Bd3 Bb7 14. Ne2 Ne4 15. c3 Nd6 16. Qc2 g6 17. Rae1 Nc4 18.
Bc1 b5 19. Ng3 a5 20. Qe2 b4 21. Bh6 bxc3 22. Bxf8 Bxf8 23. bxc3 Nxa3 24. Rc1 Nc4 25.
h4 a4 26. h5 a3 27. hxg6 hxg6 28.
Rfe1 Bh6 29. Ra1 Nb2 30. Bb1 Qxc3 31. Bxg6 fxg6 32. Qxe6+ Kh7 33. Qf7+ Bg7 34. Qxb7 Rf8 35. Ne2 Qd2 36. Qxd5 Nd3 37. Rad1 Qc2 38. Qe6 Nxe1 39. Qh3+ Kg8 40. Qe6+ Rf7 41. Rxe1 a2 42. Nf4 Qb1 43. Qe8+ Bf8 44. Nxg6 a1=Q 45. Rxb1 Qxb1+ 46. Kh2 Qxg6 0-1

[Event "Early-Titled-Tuesday-Blitz-February-20-2024"]
[Site "Chess.com"]
[Date "2024.02.20"]
[Round "11"]
[White "PedroGil25"]
[Black "IMRosen"]
[Result "1-0"]
[WhiteElo "2522"]
[BlackElo "2657"]
[TimeControl "180+1"]
[EndTime "10:08:55 PST"]
[Termination "PedroGil25 won by checkmate"]

1. c4 e6 2. Nf3 d5 3. g3 Nf6 4.
Bg2 dxc4 5. Qa4+ c6 6. Qxc4 b5 7. Qc2 Bb7 8. O-O Nbd7 9. d4 c5 10. a4 a6 11. axb5 axb5 12. Rxa8 Qxa8 13. dxc5 Bxc5 14.
Nc3 b4 15. Nb5 Qa5 16. Nbd4 Be4 17. Nb3 Bxc2 18. Nxa5 O-O 19. Nd2 Nb6 20. Nac4 b3 21. Nxb6 Bxb6 22. Nc4 Bc5 23. Ne3 Bg6 24. Rd1 Rc8 25. Bb7 Rb8 26. Bf3 Kf8 27. Nc4 Bc2 28. Rf1 Rc8 29. Ne3 Bg6 30. Rd1 Ke7 31. Bb7 Rc7 32.
Ba6 Bb6 33. Bb5 h5 34. Ba4 Bxe3 35. Bxe3 Bc2 36. Rd4 Nd5 37. Bd2 Ra7 38. e4 Nf6 39.
Bb4# 1-0

[Event "Early-Titled-Tuesday-Blitz-February-20-2024"]
[Site "Chess.com"]
[Date "2024.02.20"]
[Round "11"]
[White "arnash_bauyrzhan"]
[Black "InitiatingASC"]
[Result "1/2-1/2"]
[WhiteElo "2266"]
[BlackElo "2384"]
[TimeControl "180+1"]
[EndTime "10:08:56 PST"]
[Termination "Game drawn by repetition"]

1. e4 c6 2. d4 d6 3. Nf3 Bg4 4. Be2 Qc7 5. O-O Nd7 6. h3 Bh5 7. a4 Ngf6 8. Nc3 e5 9. a5 Be7 10. Be3 O-O 11. Nd2 Bxe2 12. Qxe2 Rfe8 13. dxe5 dxe5 14.
Nc4 Nc5 15. Bg5 Ne6 16. Be3 Nd4 17. Bxd4 exd4 18. Na4 Bd6 19. Nxd6 Qxd6 20. f3 Nh5 21. Rfd1 Rad8 22. Qf2 Nf4 23. Ra3 Qg6 24. Kh2 Re5 25. c3 Rg5 26. g3 Nh5 27. Rxd4 Rxd4 28. Qxd4 h6 29. g4 Nf4 30. h4 Rxg4 31. fxg4 Qxg4 32. Qf2 Qh3+ 33. Kg1 Qg4+ 34. Kh2 Qh3+ 35. Kg1 Qg4+ 36. Kh2 1/2-1/2

[Event "Early-Titled-Tuesday-Blitz-February-20-2024"]
[Site "Chess.com"]
[Date "2024.02.20"]
[Round "11"]
[White "jodarmarlon1985"]
[Black "Inepton_Fermion"]
[Result "1-0"]
[WhiteElo "2212"]
[BlackElo "2381"]
[TimeControl "180+1"]
[EndTime "10:08:56 PST"]
[Termination "jodarmarlon1985 won on time"]

1. e4 g6 2. d4 Bg7 3. Nf3 d6 4.
Nc3 Nc6 5. Be2 Bg4 6. Be3 e5 7. d5 Bxf3 8. Bxf3 Nd4 9. O-O Nh6 10. Bxd4 exd4 11. Nb5 O-O 12. Nxd4 Qg5 13. c3 Rae8 14. Re1 Re7 15. a4 Rfe8 16. Qc1 Qf6 17. Qd2 a6 18. b4 Re5 19. b5 a5 20. b6 cxb6 21. Rab1 Qe7 22.
Red1 Qc7 23. g3 Rc8 24. Nb5 Qc5 25. h3 f5 26. Re1 Rce8 27. exf5 Nxf5 28. Kg2 Qc4 29.
Rxe5 Bxe5 30. Qd1 h5 31. Be2 Qc5 32. Qd3 Rf8 33. Bf3 Kg7 34. Re1 1-0

[Event "Early-Titled-Tuesday-Blitz-February-20-2024"]
[Site "Chess.com"]
[Date "2024.02.20"]
[Round "11"]
[White "CristianS27"]
[Black "AvitalBor"]
[Result "0-1"]
[WhiteElo "2557"]
[BlackElo "2754"]
[TimeControl "180+1"]
[EndTime "10:08:57 PST"]
[Termination "AvitalBor won on time"]

1. e4 e6 2. d4 d5 3. Nd2 Nf6 4. e5 Nfd7 5. c3 c5 6. Bd3 Nc6 7. Ne2 f6 8. Nf4 Ndxe5 9. dxe5 Nxe5 10. Bb5+ Kf7 11. Nf3 Nxf3+ 12. Qxf3 c4 13. O-O Qa5 14. Qh5+ Kg8 15. Qe8 Qb6 16. Be3 Qd6 17. Rfe1 a6 18. Ba4 b5 19. Bc2 e5 20. Nh5 Bb7 21. Nxf6+ Qxf6 22. Qd7 Bc6 23. Qc7 Qd6 24. Qb6 Be7 25. Rad1 Kf7 26.
h3 Rhb8 27. Qa5 Bd8 28. Qa3 Qxa3 29. bxa3 Bf6 30. Bc5 g6 31. h4 Re8 32. Bd6 Rad8 33. Bc5 d4 34. h5 d3 35. hxg6+ hxg6 36. Bb1 e4 37. Bb4 Rh8 38. Re3 Rh5 0-1

[Event "Early-Titled-Tuesday-Blitz-February-20-2024"]
[Site "Chess.com"]
[Date "2024.02.20"]
[Round "11"]
[White "regenda"]
[Black "Journey_to_GrandMaster_YT"]
[Result "1/2-1/2"]
[WhiteElo "2282"]
[BlackElo "2497"]
[TimeControl "180+1"]
[EndTime "10:08:58 PST"]
[Termination "Game drawn by repetition"]

1. e4 d6 2. d4 Nf6 3. Nc3 e5 4. dxe5 dxe5 5. Qxd8+ Kxd8 6. Bc4 Ke8 7. f3 c6 8. Be3 b5 9. Bb3 a5 10. a3 Nbd7 11. Nh3 Bc5 12. Kf2 Bxe3+ 13. Kxe3 Nc5 14. Ba2 h6 15. Nf2 Ke7 16. Rhd1 b4 17. Ne2 Ba6 18. Nd3 Nxd3 19. cxd3 c5 20. Rac1 Rac8 21. Bc4 Bxc4 22.
dxc4 Rhd8 23. Ng3 g6 24. Ne2 Rxd1 25. Rxd1 bxa3 26. bxa3 Rb8 27. Nc3 Ke6 28. Rb1 Rxb1 29. Nxb1 Ne8 30. Kd3 f5 31. Nd2 Nd6 32. Nb3 Nb7 33. Nd2 f4 34. Kc3 a4 35. Nb1 Nd6 36. Kd3 Nc8 37. Nc3 Nb6 38. Nd5 Nd7 39.
Nc3 Nb6 40. Nd5 Nc8 41. Nc3 Nb6 1/2-1/2

[Event "Early-Titled-Tuesday-Blitz-February-20-2024"]
[Site "Chess.com"]
[Date "2024.02.20"]
[Round "11"]
[White "kleopl"]
[Black "Rud_2008"]
[Result "0-1"]
[WhiteElo "2516"]
[BlackElo "2711"]
[TimeControl "180+1"]
[EndTime "10:08:59 PST"]
[Termination "Rud_2008 won by resignation"]

1. e4 e5 2. Nf3 Nc6 3. c3 d5 4.
Qa4 Nf6 5. Nxe5 dxe4 6. Nxc6 bxc6 7. Qxc6+ Bd7 8. Qa6 Bd6 9. Bb5 O-O 10. Bxd7 Qxd7 11.
O-O Qf5 12. d4 exd3 13. Be3 Ng4 14. g3 Ne5 15. Nd2 Qh3 16. f3 Rfe8 17. Bd4 Rad8 18. Rae1 c5 19. Bxe5 Bxe5 20. f4 Re6 21. Qa5 Bf6 22.
Rxe6 Qxe6 23. Qxc5 h6 24. Qxa7 Rd5 25. Qf2 Be7 26.
Re1 Qd7 27. Kg2 Bf6 28. Qf3 g6 29. Re3 Kg7 30. a4 Rd6 31. a5 Qb5 32. Ne4 Rd7 33. Nxf6 Kxf6 34. b4 d2 35. Qd1 Qc6+ 36. Kf2 Qc4 37. Re2 Qxc3 38. a6 Qc1 39. Rxd2 Rxd2+ 0-1

[Event "Early-Titled-Tuesday-Blitz-February-20-2024"]
[Site "Chess.com"]
[Date "2024.02.20"]
[Round "11"]
[White "HamedWafa4"]
[Black "alexrustemov"]
[Result "0-1"]
[WhiteElo "2718"]
[BlackElo "2896"]
[TimeControl "180+1"]
[EndTime "10:09:00 PST"]
[Termination "alexrustemov won by resignation"]

1. e4 e6 2. d4 d5 3. e5 c5 4. c3 b6 5. Nf3 Ne7 6. h4 Qd7 7. h5 h6 8. Na3 Ba6 9. Bxa6 Nxa6 10. Nc2 Nb8 11. O-O Nbc6 12. b4 cxb4 13. cxb4 b5 14. Nfe1 Nc8 15. Nd3 Nb6 16. Nc5 Bxc5 17.
bxc5 Nc4 18. Ne3 Nxe3 19. Bxe3 O-O 20. Rb1 b4 21. Qg4 f5 22. exf6 Rxf6 23. Rfe1 Qf7 24.
f3 Rf5 25. Bf2 a5 26. Rb3 Re8 27. Rbe3 a4 28. Bg3 Kh7 29. R1e2 Rg5 30. Qf4 Qxf4 31.
Bxf4 Rf5 32. Be5 Rxh5 33. f4 Rf5 34. Rg3 g5 35. fxg5 hxg5 36. Rge3 Kg6 37. Re1 Nxe5 38. Rxe5 Rxe5 39. Rxe5 Kf6 40. Kf1 Rb8 41. Re2 b3 42.
axb3 axb3 43. Rb2 e5 44. Ke2 Rb4 45. dxe5+ Kxe5 46. Kd3 d4 47. c6 Kd6 48. c7 Kxc7 49. Ke4 Kd6 50. Kf5 Rb5+ 51. Ke4 Kc5 52. Rb1 b2 53. Kd3 Kd5 0-1

[Event "Early-Titled-Tuesday-Blitz-February-20-2024"]
[Site "Chess.com"]
[Date "2024.02.20"]
[Round "11"]
[White "Mikasinski"]
[Black "NewBornNow"]
[Result "0-1"]
[WhiteElo "2656"]
[BlackElo "2806"]
[TimeControl "180+1"]
[EndTime "10:09:01 PST"]
[Termination "NewBornNow won by resignation"]

1. e4 c5 2. Nf3 d6 3. d4 cxd4 4. Nxd4 Nf6 5. Nc3 a6 6. Rg1 e5 7.
Nb3 h5 8. h3 h4 9. Be3 Be6 10.
Qd2 Nbd7 11. O-O-O Qc7 12. f4 Rc8 13. Kb1 b5 14. f5 Bc4 15. Bd3 b4 16. Ne2 a5 17.
Bxc4 Qxc4 18. Nxa5 Qxe4 19. Qd3 Qxd3 20. cxd3 Rh5 21. Rgf1 d5 22. d4 e4 23. Rc1 Ra8 24.
Nb3 Nb6 25. Rc6 Nc4 26. Bc1 Nd6 27. Bf4 Nxf5 28. Be5 Ne3 29. Rfc1 Nc4 30. Bxf6 gxf6 31. Rxf6 Be7 32. Rff1 Rg5 33. Nf4 Ne3 34. Rfe1 Nxg2 35. Rf1 Ne3 36. Rf2 Bd6 37. Ne2 f5 38. Nc5 Ke7 39. Nb7 Bg3 40. Rff1 Nxf1 41. Rxf1 Rf8 42. Na5 f4 43. Nc6+ Kd6 44. Ne5 Rxe5 45. dxe5+ Kxe5 0-1

[Event "Early-Titled-Tuesday-Blitz-February-20-2024"]
[Site "Chess.com"]
[Date "2024.02.20"]
[Round "11"]
[White "Genghis_K"]
[Black "Rakhmanov_Aleksandr"]
[Result "1-0"]
[WhiteElo "2945"]
[BlackElo "2874"]
[TimeControl "180+1"]
[EndTime "10:09:03 PST"]
[Termination "Genghis_K won on time"]

1. e4 c5 2. Nf3 Nf6 3. e5 Nd5 4.
Nc3 Nxc3 5. dxc3 Nc6 6. Bf4 Qb6 7.
Rb1 Qc7 8. Bc4 e6 9. O-O h6 10. Qe2 b6 11. Nd2 Bb7 12. Rfe1 O-O-O 13. Bd3 g5 14. Bg3 h5 15. h3 Be7 16. Nc4 Rdg8 17. Rbd1 Rg7 18. Be4 Kb8 19. Nd6 Bxd6 20. Rxd6 Na5 21.
Red1 Rd8 22. b3 Bxe4 23. Qxe4 Nb7 24. R6d2 Kc8 25. h4 Qc6 26. Qxc6+ dxc6 27. Rxd8+ Nxd8 28. hxg5 Rxg5 29. Bh4 Rg8 30. Bxd8 Rxd8 31. Rxd8+ Kxd8 32.
Kh2 Ke7 33. Kg3 f6 34. Kh4 fxe5 35. Kxh5 Kf6 36. g4 e4 37. Kh6 Ke5 38. g5 Kf4 39. g6 Kf3 40. g7 Kxf2 41. g8=Q e3 42. Qf7+ Ke2 43. Qxe6 Kd2 44. Qf5 1-0

[Event "Early-Titled-Tuesday-Blitz-February-20-2024"]
[Site "Chess.com"]
[Date "2024.02.20"]
[Round "11"]
[White "chess94cu"]
[Black "Byniolus"]
[Result "1-0"]
[WhiteElo "2689"]
[BlackElo "2816"]
[TimeControl "180+1"]
[EndTime "10:09:03 PST"]
[Termination "chess94cu won on time"]

1. e4 d6 2. d4 Nf6 3. Nc3 c6 4. a4 a5 5. f4 Qb6 6. Nf3 Bg4 7. Be2 Bxf3 8. Bxf3 e5 9. Ne2 Nbd7 10. c3 Be7 11.
O-O O-O 12. Kh1 Rfe8 13. Qc2 Bf8 14. Ng3 exd4 15. Rd1 dxc3 16. bxc3 Nc5 17. Be3 Qc7 18. Rab1 g6 19. Bxc5 dxc5 20. e5 Nd7 21. Ne4 Be7 22. Qb3 Reb8 23. e6 Nf8 24. exf7+ Kg7 25. g3 b5 26. c4 bxa4 27. Qc3+ Kxf7 28. Qh8 Rxb1 29. Rxb1 a3 30. Rf1 a2 31. Ng5+ Ke8 32. Ne6 Qd7 33. Nxf8 Bxf8 34. Re1+ Kf7 35. Qxh7+ Bg7 36.
Be4 Qd6 37. f5 Rh8 38. fxg6+ 1-0

[Event "Early-Titled-Tuesday-Blitz-February-20-2024"]
[Site "Chess.com"]
[Date "2024.02.20"]
[Round "11"]
[White "MaxLeto"]
[Black "fabianvivasz"]
[Result "0-1"]
[WhiteElo "2518"]
[BlackElo "2384"]
[TimeControl "180+1"]
[EndTime "10:09:03 PST"]
[Termination "fabianvivasz won on time"]

1. a3 d5 2. b3 e5 3. Bb2 Bd6 4. g3 Nf6 5. Bg2 c6 6. h3 Qe7 7. d3 h5 8. e3 Bf5 9. Nd2 Nbd7 10. Ne2 Bg6 11. f3 Bc5 12. Nf1 a5 13. Qd2 O-O 14. c3 b5 15. g4 e4 16. fxe4 dxe4 17.
d4 Bd6 18. Nf4 hxg4 19. hxg4 Nxg4 20. Qe2 Qg5 21. Nh3 Qh4+ 22. Kd2 b4 23. c4 bxa3 24. Bxa3 Bxa3 25. Rxa3 Qe7 26. Ra4 Ndf6 27. Nf4 Rfb8 28. Kc2 Ra7 29. Nd2 Rab7 30. Bh3 Bf5 31. Rg1 Qd7 32.
Rxa5 g6 33. c5 Nd5 34. Nxd5 Qxd5 35. Bxg4 Rxb3 36. Nxb3 Qxb3+ 0-1

[Event "Early-Titled-Tuesday-Blitz-February-20-2024"]
[Site "Chess.com"]
[Date "2024.02.20"]
[Round "11"]
[White "tetrix83"]
[Black "ansko1999"]
[Result "1-0"]
[WhiteElo "2543"]
[BlackElo "2686"]
[TimeControl "180+1"]
[EndTime "10:09:04 PST"]
[Termination "tetrix83 won by checkmate"]

1. e4 d6 2. d4 g6 3. Nf3 Bg7 4. c3 c5 5. Bd3 cxd4 6. cxd4 Nc6 7. d5 Nb8 8. O-O Nf6 9. h3 O-O 10. Nc3 a6 11. a4 Nbd7 12. a5 b6 13. axb6 Nxb6 14. Be3 Nfd7 15. Bd4 Nc5 16. Bxg7 Kxg7 17. Be2 a5 18. Nd4 Bd7 19. Bb5 Bxb5 20. Ncxb5 a4 21.
Nc6 Qd7 22. Qd4+ f6 23. Ra3 Rfc8 24. f4 Rxc6 25. dxc6 Qxc6 26. Nc3 Nb3 27. Qb4 Nc5 28. e5 dxe5 29. fxe5 fxe5 30. Qh4 Qe6 31. Ne4 Nxe4 32. Qxe4 Rc8 33. Raf3 Nd5 34. Rf7+ Kg8 35. Qh4 h5 36.
Qg5 Nf4 37. Rxe7 Qc6 38. Rxe5 Nd3 39. Rd5 Nb4 40. Rd8+ Rxd8 41. Qxd8+ Kg7 42. Qf8+ Kh7 43. Rf7# 1-0

[Event "Early-Titled-Tuesday-Blitz-February-20-2024"]
[Site "Chess.com"]
[Date "2024.02.20"]
[Round "11"]
[White "picturesquecheck"]
[Black "deribas12345"]
[Result "1-0"]
[WhiteElo "2454"]
[BlackElo "2586"]
[TimeControl "180+1"]
[EndTime "10:09:05 PST"]
[Termination "picturesquecheck won by resignation"]

1. e4 c5 2. Nf3 e6 3. g3 d5 4.
e5 Nc6 5. c3 f6 6. exf6 Nxf6 7.
d4 cxd4 8. cxd4 Bb4+ 9. Bd2 Bxd2+ 10. Nbxd2 O-O 11. Bg2 Qb6 12. Nb3 Ne4 13. O-O Bd7 14.
Rc1 Rf6 15. Nfd2 Raf8 16. Bxe4 dxe4 17. Nxe4 Rh6 18. Nec5 Bc8 19. Qe2 Kh8 20. Rc3 a5 21. Re3 Nb4 22. Re1 Rhf6 23. Ne4 Rg6 24. Nec5 Nd5 25.
Nxe6 Nxe3 26. Nxf8 Rf6 27. Qxe3 Rxf8 28. d5 Qb4 29. Qe7 Bh3 30. Qxb4 axb4 31. Rd1 Rd8 32. d6 Kg8 33. Nc5 Kf7 34. Nxb7 Rb8 35. d7 Bxd7 36.
Rxd7+ Ke6 37. Rxg7 Rc8 38. Rxh7 1-0

[Event "Early-Titled-Tuesday-Blitz-February-20-2024"]
[Site "Chess.com"]
[Date "2024.02.20"]
[Round "11"]
[White "DmitriiZakurdaev"]
[Black "ChainedDowntohell"]
[Result "1-0"]
[WhiteElo "2453"]
[BlackElo "2535"]
[TimeControl "180+1"]
[EndTime "10:09:05 PST"]
[Termination "DmitriiZakurdaev won by checkmate"]

1. d4 Nf6 2. c4 b6 3. Nc3 Bb7 4. Qc2 d5 5. cxd5 Nxd5 6. e4 Nxc3 7.
bxc3 e5 8. d5 Bc5 9. Nf3 O-O 10.
Bd3 c6 11. c4 Nd7 12. O-O Bd6 13. Bb2 Rc8 14. Qe2 Qe7 15. a4 a5 16. Rfb1 Rb8 17. Bc1 Rfc8 18. Bg5 f6 19. Be3 Bb4 20. Nh4 g6 21. Qg4 Nc5 22. Bc2 Rc7 23. f4 Ba6 24.
Nf5 Qd7 25. fxe5 fxe5 26. dxc6 Rxc6 27. Rd1 Qe8 28. Rd5 Bxc4 29. Rad1 Bxd5 30. exd5 Rf6 31. d6 Nd7 32. Ne7+ Kh8 33. Bg5 Rxd6 34. Rxd6 Bxd6 35. Nxg6+ hxg6 36. Qh4+ Kg8 37. Bb3+ Kf8 38. Qh6# 1-0

[Event "Early-Titled-Tuesday-Blitz-February-20-2024"]
[Site "Chess.com"]
[Date "2024.02.20"]
[Round "11"]
[White "Huragan007"]
[Black "chessdjw"]
[Result "0-1"]
[WhiteElo "2607"]
[BlackElo "2755"]
[TimeControl "180+1"]
[EndTime "10:09:06 PST"]
[Termination "chessdjw won by resignation"]

1. e4 c5 2. b3 g6 3. Bb2 Nf6 4. Nc3 Bg7 5. Nd5 O-O 6. Nxf6+ Bxf6 7. Bxf6 exf6 8. Bc4 Re8 9. Bd5 Na6 10. Ne2 Nb4 11. O-O d6 12. d3 Nxd5 13. exd5 Bg4 14. f3 Bd7 15. Ng3 f5 16. Qd2 Qf6 17. c4 Qd4+ 18. Kh1 Re3 19. Rad1 Rae8 20. Rfe1 h5 21. Rxe3 Rxe3 22.
Nf1 Re8 23. f4 h4 24. g3 h3 25. Rc1 b5 26. Rc2 a5 27. Rb2 a4 28. Rc2 b4 29.
Qd1 axb3 30. axb3 Ra8 31. Qe1 Ra1 32. Qe2 Rb1 33. Rd2 Rxb3 34. Qe7 Rb1 35. Qe2 b3 36. Rd1 Rxd1 37. Qxd1 b2 38. Nd2 Qxd3 39. Kg1 Qxd2 40.
Qxd2 b1=Q+ 41. Kf2 Qe4 42. Qb2 Qg2+ 0-1